TOP OF THE 1ST |
Omaha Storm Chasers batting - Pitching for Tacoma Rainiers : RHP Jose Albarran
|
Pitching: RHP Jose Albarran
|
|
Batting: RHB Kevin Wimberly
|
0-0: DOUBLE (Line Drive, 9LM, EV 110.6 MPH)
|
Batting: SHB Ryoji Hiraoka
|
0-0: Ball 1-0: Foul Ball, location: 2F 1-1: Ball 2-1: Ball 3-1: SINGLE (Groundball, 34D, EV 95.0 MPH) Kevin Wimberly to third
|
Batting: RHB Adam Martin
|
0-0: Ball 1-0: Ball 2-0: Ball 3-0: Base on Balls Ryoji Hiraoka to second
|
Batting: RHB Kazuki Arai
|
0-0: Called Strike 0-1: Ball 1-1: Ball 2-1: Grounds into double play, 4-6-3 (Groundball, 4, EV 106.2 MPH) Kevin Wimberly scores Ryoji Hiraoka to third
|
Batting: LHB Robby Diaz
|
0-0: Called Strike 0-1: Swinging Strike 0-2: Ball 1-2: 2-RUN HOME RUN (Flyball, 8RXD, EV 114.4 MPH), Distance : 434 ft
|
Batting: RHB Taisei Fujii
|
0-0: Foul Ball, location: 2F 0-1: Called Strike 0-2: Hit by Pitch
|
Batting: SHB Bill Ertl
|
0-0: Ball 1-0: Foul Ball, location: 2F 1-1: Foul Ball, location: 2F 1-2: Ball 2-2: Strikes out swinging
|
Top of the 1st over - 3 runs, 3 hits, 0 errors, 1 left on base; Omaha 3 - Tacoma 0 |
BOTTOM OF THE 1ST |
Tacoma Rainiers batting - Pitching for Omaha Storm Chasers : RHP Kevin Tumbleson
|
Pitching: RHP Kevin Tumbleson
|
|
Batting: RHB Julian Gregory
|
0-0: Called Strike 0-1: Ball 1-1: Foul Ball, location: 2F 1-2: Strikes out swinging
|
Batting: LHB Addisu Nyamekye
|
0-0: Called Strike 0-1: Ground out 5-3 (Groundball, 56, EV 91.2 MPH)
|
Batting: LHB Ryan Lowe
|
0-0: Swinging Strike 0-1: Foul Ball, location: 2F 0-2: Ball 1-2: Ball 2-2: Ball 3-2: Base on Balls
|
Batting: LHB Josh Pittman
|
0-0: Foul Ball, location: 2F 0-1: Fielders Choice at 2nd, 6-4 (Groundball, 6, EV 81.9 MPH)
|
Bottom of the 1st over - 0 runs, 0 hits, 0 errors, 1 left on base; Omaha 3 - Tacoma 0 |
TOP OF THE 2ND |
Omaha Storm Chasers batting - Pitching for Tacoma Rainiers : RHP Jose Albarran
|
Batting: RHB Yuichi Takata
|
0-0: Foul Ball, location: 2F 0-1: Swinging Strike 0-2: Ground out 6-3 (Groundball, 6, EV 86.2 MPH)
|
Batting: RHB Justin Goff
|
0-0: Ball 1-0: Ball 2-0: Fly out, F9 (Flyball, 9LM, EV 76.9 MPH)
|
Batting: RHB Kevin Wimberly
|
0-0: Ground out 5-3 (Groundball, 5S, EV 76.9 MPH)
|
Top of the 2nd over - 0 runs, 0 hits, 0 errors, 0 left on base; Omaha 3 - Tacoma 0 |
BOTTOM OF THE 2ND |
Tacoma Rainiers batting - Pitching for Omaha Storm Chasers : RHP Kevin Tumbleson
|
Batting: LHB Jawad Fahad
|
0-0: Ground out 4-3 (Groundball, 4, EV 103.1 MPH)
|
Batting: RHB Marco Diaz
|
0-0: Ball 1-0: Called Strike 1-1: Foul Ball, location: 2F 1-2: Ball 2-2: Foul Ball, location: 2F 2-2: Ball 3-2: Foul Ball, location: 2F 3-2: Ground out 6-3 (Groundball, 6, EV 81.9 MPH)
|
Batting: RHB Hideo Okimura
|
0-0: Ball 1-0: Swinging Strike 1-1: Called Strike 1-2: Strikes out looking
|
Bottom of the 2nd over - 0 runs, 0 hits, 0 errors, 0 left on base; Omaha 3 - Tacoma 0 |
TOP OF THE 3RD |
Omaha Storm Chasers batting - Pitching for Tacoma Rainiers : RHP Jose Albarran
|
Batting: SHB Ryoji Hiraoka
|
0-0: SINGLE (Groundball, 3D, EV 105.6 MPH)
|
Batting: RHB Adam Martin
|
0-0: Fly out, F9 (Flyball, 9LM, EV 90.6 MPH)
|
Batting: RHB Kazuki Arai
|
0-0: Ball 1-0: Called Strike Ryoji Hiraoka steals 2nd base 1-1: DOUBLE (Line Drive, 78M, EV 95.0 MPH) Ryoji Hiraoka scores
|
Batting: LHB Robby Diaz
|
0-0: Ball 1-0: Ball Kazuki Arai steals 3rd base 2-0: Foul Ball, location: 2F 2-1: Ground out U3 (Groundball, 23, EV 87.5 MPH)
|
Batting: RHB Taisei Fujii
|
0-0: SINGLE (Groundball, 56D, EV 103.8 MPH) Kazuki Arai scores
|
Batting: SHB Bill Ertl
|
0-0: Ball 1-0: Foul Ball, location: 2F 1-1: Swinging Strike 1-2: Ball 2-2: Ball 3-2: Foul Ball, location: 2F 3-2: DOUBLE (Groundball, 5L, EV 108.1 MPH) Taisei Fujii to third Taisei Fujii scores
|
Pitching: RHP Edwin Carrasco
|
|
Batting: RHB Yuichi Takata
|
0-0: Called Strike 0-1: Ball 1-1: Ball 2-1: Ground out 5-3 (Groundball, 56, EV 83.1 MPH)
|
Top of the 3rd over - 3 runs, 4 hits, 0 errors, 1 left on base; Omaha 6 - Tacoma 0 |
BOTTOM OF THE 3RD |
Tacoma Rainiers batting - Pitching for Omaha Storm Chasers : RHP Kevin Tumbleson
|
Batting: RHB Lamberto Amicis
|
0-0: Ball 1-0: Ball 2-0: Foul Ball, location: 2F 2-1: Ball 3-1: Called Strike 3-2: Strikes out swinging
|
Batting: LHB Matt Hepburn
|
0-0: Foul Ball, location: 2F 0-1: Ball 1-1: Ground out 5-3 (Groundball, 56S, EV 64.4 MPH)
|
Batting: RHB Julian Gregory
|
0-0: Ball 1-0: Called Strike 1-1: Ball 2-1: Swinging Strike 2-2: Ground out 5-3 (Groundball, 56D, EV 104.4 MPH)
|
Bottom of the 3rd over - 0 runs, 0 hits, 0 errors, 0 left on base; Omaha 6 - Tacoma 0 |
TOP OF THE 4TH |
Omaha Storm Chasers batting - Pitching for Tacoma Rainiers : RHP Edwin Carrasco
|
Batting: RHB Justin Goff
|
0-0: Ball 1-0: Called Strike 1-1: Ground out 4-3 (Groundball, 4, EV 100.6 MPH)
|
Batting: RHB Kevin Wimberly
|
0-0: Called Strike 0-1: Ball 1-1: SINGLE (Groundball, 34D, EV 109.4 MPH)
|
Batting: SHB Ryoji Hiraoka
|
0-0: Called Strike 0-1: Ball 1-1: Ball 2-1: TRIPLE (Flyball, 89XD, EV 103.1 MPH) Kevin Wimberly scores
|
Batting: RHB Adam Martin
|
0-0: Called Strike 0-1: Fly out, F9 (Flyball, 9S, EV 93.8 MPH)
|
Batting: RHB Kazuki Arai
|
0-0: Ball 1-0: Called Strike 1-1: Ball 2-1: Swinging Strike 2-2: Ball 3-2: Ground out 5-3 (Groundball, 5, EV 86.2 MPH)
|
Top of the 4th over - 1 run, 2 hits, 0 errors, 1 left on base; Omaha 7 - Tacoma 0 |
BOTTOM OF THE 4TH |
Tacoma Rainiers batting - Pitching for Omaha Storm Chasers : RHP Kevin Tumbleson
|
Batting: LHB Addisu Nyamekye
|
0-0: Ball 1-0: SOLO HOME RUN (Flyball, 89XD, EV 100.0 MPH), Distance : 408 ft
|
Batting: LHB Ryan Lowe
|
0-0: Called Strike 0-1: Ball 1-1: Called Strike 1-2: Ball 2-2: Ball 3-2: SINGLE (Groundball, 6D, EV 100.6 MPH)
|
Batting: LHB Josh Pittman
|
0-0: Called Strike 0-1: Grounds into double play, 4-6-3 (Groundball, 4, EV 106.9 MPH)
|
Batting: LHB Jawad Fahad
|
0-0: Called Strike 0-1: SINGLE (Groundball, 6MD, EV 111.9 MPH)
|
Batting: RHB Marco Diaz
|
0-0: Called Strike 0-1: Ball Pickoff Throw to First - Out! 1-3
|
Bottom of the 4th over - 1 run, 3 hits, 0 errors, 0 left on base; Omaha 7 - Tacoma 1 |
TOP OF THE 5TH |
Omaha Storm Chasers batting - Pitching for Tacoma Rainiers : RHP Edwin Carrasco
|
Batting: LHB Robby Diaz
|
0-0: Ball 1-0: Fly out, F7 (Line Drive, 7S, EV 98.1 MPH)
|
Batting: RHB Taisei Fujii
|
0-0: Ball 1-0: Foul Ball, location: 2F 1-1: Ball 2-1: Ball 3-1: Foul Ball, location: 2F 3-2: Ground out 4-3 (Groundball, 34, EV 103.1 MPH)
|
Batting: SHB Bill Ertl
|
0-0: Called Strike 0-1: Ball 1-1: Ball 2-1: Foul Ball, location: 2F 2-2: Ground out 5-3 (Groundball, 56, EV 110.0 MPH)
|
Top of the 5th over - 0 runs, 0 hits, 0 errors, 0 left on base; Omaha 7 - Tacoma 1 |
BOTTOM OF THE 5TH |
Tacoma Rainiers batting - Pitching for Omaha Storm Chasers : RHP Kevin Tumbleson
|
Batting: RHB Marco Diaz
|
0-0: Ball 1-0: Ball 2-0: Ball 3-0: Base on Balls
|
Batting: RHB Hideo Okimura
|
0-0: Ball 1-0: Fielders Choice at 2nd, 4-6 (Groundball, 34S, EV 86.2 MPH)
|
Batting: RHB Lamberto Amicis
|
0-0: Ball 1-0: SINGLE (Line Drive, 6M, EV 98.8 MPH) Hideo Okimura to second
|
Batting: LHB Matt Hepburn
|
0-0: Ball 1-0: Ball 2-0: Called Strike 2-1: Swinging Strike 2-2: Foul Ball, location: 2F 2-2: Strikes out looking
|
Batting: RHB Julian Gregory
|
0-0: Called Strike 0-1: Foul Ball, location: 2F 0-2: Ball 1-2: Ball 2-2: Ball 3-2: Base on Balls Hideo Okimura to third Lamberto Amicis to second
|
Batting: LHB Addisu Nyamekye
|
0-0: Foul Ball, location: 2F 0-1: Hit by Pitch Hideo Okimura scores Lamberto Amicis to third Julian Gregory to second
|
Batting: LHB Ryan Lowe
|
0-0: Called Strike 0-1: Foul Ball, location: 2F 0-2: Strikes out looking
|
Bottom of the 5th over - 1 run, 1 hit, 0 errors, 3 left on base; Omaha 7 - Tacoma 2 |
TOP OF THE 6TH |
Omaha Storm Chasers batting - Pitching for Tacoma Rainiers : RHP Edwin Carrasco
|
Batting: RHB Yuichi Takata
|
0-0: Ball 1-0: Foul Ball, location: 2F 1-1: Ground out 5-3 (Groundball, 56, EV 86.9 MPH)
|
Batting: RHB Justin Goff
|
0-0: Ball 1-0: Ball 2-0: Fly out, F8 (Flyball, 78M, EV 90.6 MPH)
|
Batting: RHB Kevin Wimberly
|
0-0: Ball 1-0: Ball 2-0: Swinging Strike 2-1: Called Strike 2-2: Strikes out swinging
|
Top of the 6th over - 0 runs, 0 hits, 0 errors, 0 left on base; Omaha 7 - Tacoma 2 |
BOTTOM OF THE 6TH |
Tacoma Rainiers batting - Pitching for Omaha Storm Chasers : RHP Kevin Tumbleson
|
Batting: LHB Josh Pittman
|
0-0: Called Strike 0-1: Called Strike 0-2: Ball 1-2: Ball 2-2: Foul Ball, location: 2F 2-2: Ball 3-2: Strikes out swinging
|
Batting: LHB Jawad Fahad
|
0-0: Foul Ball, location: 2F 0-1: Ball 1-1: Ball 2-1: Swinging Strike 2-2: Ball 3-2: Ground out 4-3 (Groundball, 4, EV 86.9 MPH)
|
Batting: RHB Marco Diaz
|
0-0: Ground out 4-3 (Groundball, 4S, EV 65.6 MPH)
|
Bottom of the 6th over - 0 runs, 0 hits, 0 errors, 0 left on base; Omaha 7 - Tacoma 2 |
TOP OF THE 7TH |
Omaha Storm Chasers batting - Pitching for Tacoma Rainiers : RHP Edwin Carrasco
|
Batting: SHB Ryoji Hiraoka
|
0-0: Ball 1-0: Foul Ball, location: 2F 1-1: Foul Ball, location: 2F 1-2: Foul Ball, location: 2F 1-2: Ball 2-2: Strikes out swinging
|
Batting: RHB Adam Martin
|
0-0: Called Strike 0-1: Fly out, F9 (Flyball, 9, EV 92.5 MPH)
|
Batting: RHB Kazuki Arai
|
0-0: Ball 1-0: Fly out, F7 (Flyball, 78M, EV 94.4 MPH)
|
Top of the 7th over - 0 runs, 0 hits, 0 errors, 0 left on base; Omaha 7 - Tacoma 2 |
BOTTOM OF THE 7TH |
Tacoma Rainiers batting - Pitching for Omaha Storm Chasers : RHP Kevin Tumbleson
|
Batting: RHB Hideo Okimura
|
0-0: Ball 1-0: Ball 2-0: Foul Ball, location: 2F 2-1: Ball 3-1: Called Strike 3-2: Foul Ball, location: 2F 3-2: Ground out 5-3 (Groundball, 56, EV 94.4 MPH)
|
Pitching: RHP Justin Nipper
|
|
Batting: RHB Lamberto Amicis
|
0-0: Ground out 5-3 (Groundball, 56S, EV 81.2 MPH)
|
Batting: LHB Matt Hepburn
|
0-0: Swinging Strike 0-1: Ground out U3 (Groundball, 3, EV 85.6 MPH)
|
Bottom of the 7th over - 0 runs, 0 hits, 0 errors, 0 left on base; Omaha 7 - Tacoma 2 |
TOP OF THE 8TH |
Omaha Storm Chasers batting - Pitching for Tacoma Rainiers : RHP Edwin Carrasco
|
Batting: LHB Robby Diaz
|
0-0: Ball 1-0: SINGLE (Flyball, 8LS, EV 96.9 MPH)
|
Pitching: RHP Vinny Reveles
|
|
Batting: RHB Taisei Fujii
|
0-0: Ball 1-0: Called Strike 1-1: Grounds into double play, 5-4-3 (Groundball, 15, EV 90.0 MPH)
|
Batting: SHB Bill Ertl
|
0-0: Ball 1-0: Ground out 6-3 (Groundball, 6, EV 107.5 MPH)
|
Top of the 8th over - 0 runs, 1 hit, 0 errors, 0 left on base; Omaha 7 - Tacoma 2 |
BOTTOM OF THE 8TH |
Tacoma Rainiers batting - Pitching for Omaha Storm Chasers : RHP Justin Nipper
|
Batting: RHB Julian Gregory
|
0-0: Swinging Strike 0-1: Fly out, F4 (Flyball, 4D, EV 86.9 MPH)
|
Batting: LHB Addisu Nyamekye
|
0-0: Ball 1-0: Ball 2-0: SINGLE (Flyball, 78S, EV 93.8 MPH)
|
Batting: LHB Ryan Lowe
|
0-0: Ball 1-0: Ball Wild Pitch! Addisu Nyamekye to second 2-0: Ball 3-0: Called Strike 3-1: Called Strike 3-2: Foul Ball, location: 2F 3-2: Strikes out swinging
|
Batting: LHB Josh Pittman
|
0-0: Swinging Strike 0-1: Ball 1-1: Foul Ball, location: 2F 1-2: Ball 2-2: Foul Ball, location: 2F 2-2: Fly out, F9 (Flyball, 9D, EV 102.5 MPH)
|
Bottom of the 8th over - 0 runs, 1 hit, 0 errors, 1 left on base; Omaha 7 - Tacoma 2 |
TOP OF THE 9TH |
Omaha Storm Chasers batting - Pitching for Tacoma Rainiers : RHP Vinny Reveles
|
Batting: RHB Yuichi Takata
|
0-0: Ball 1-0: Ball 2-0: Ball 3-0: Called Strike 3-1: Foul Ball, location: 2F 3-2: Base on Balls
|
Batting: RHB Justin Goff
|
0-0: Ball 1-0: Foul Ball, location: 2F 1-1: SINGLE (Flyball, 8LS, EV 94.4 MPH) Yuichi Takata to second
|
Batting: RHB Kevin Wimberly
|
0-0: Ball 1-0: Ball 2-0: Sac Bunt to 5S - play at first, batter OUT! 5-4 Yuichi Takata to third Justin Goff to second
|
Batting: SHB Ryoji Hiraoka
|
0-0: Called Strike 0-1: Ball 1-1: Foul Ball, location: 2F 1-2: Foul Ball, location: 2F 1-2: Foul Ball, location: 2F 1-2: Strikes out swinging
|
Batting: RHB Adam Martin
|
0-0: Ball 1-0: Ball 2-0: Ball 3-0: Base on Balls
|
Batting: RHB Kazuki Arai
|
0-0: Ball Wild Pitch! Yuichi Takata scores Justin Goff to third Adam Martin to second 1-0: Ball 2-0: Fly out, F4 (Popup, 4D, EV 63.1 MPH)
|
Top of the 9th over - 1 run, 1 hit, 0 errors, 2 left on base; Omaha 8 - Tacoma 2 |
BOTTOM OF THE 9TH |
Tacoma Rainiers batting - Pitching for Omaha Storm Chasers : RHP Justin Nipper
|
Batting: LHB Jawad Fahad
|
0-0: Foul Ball, location: 2F 0-1: SINGLE (Groundball, 6S, EV 73.8 MPH) (infield hit)
|
Batting: RHB Marco Diaz
|
0-0: Ground out 4-3 (Groundball, 4M, EV 103.1 MPH) Jawad Fahad to second
|
Batting: RHB Hideo Okimura
|
0-0: Called Strike 0-1: Ground out U3 (Groundball, 3, EV 83.1 MPH) Jawad Fahad to third
|
Batting: RHB Lamberto Amicis
|
0-0: Ball 1-0: Called Strike 1-1: Swinging Strike 1-2: Strikes out swinging
|
Bottom of the 9th over - 0 runs, 1 hit, 0 errors, 1 left on base; Omaha 8 - Tacoma 2 |
|